Unix NetHack Version 5.0.0-0 post-release - last build May 17 2026 04:57:42 (dc50c8380fa5e20985bfe3072449f57b8d9895ef,branch:main).

Game began 2026-05-13 12:39:10, ended 2026-05-19 11:27:28.

Grufus, chaotic male human Wizard

                                                       --.------.----
                                                       ........=...e|
                                                       |............|
                                                       |............|
                                                       |.>......@&.P|
                                                       --------------

Grufus the Conjurer       St:10 Dx:11 Co:13 In:18 Wi:12 Ch:11  Chaotic
Dlvl:5  $:36 HP:0(26) Pw:41(46) AC:7  Xp:4 T:1774 

Latest messages:
 What do you want to write with? [- ac-eknoqrtK or ?*] *
 You write in the dust with a zinc wand.
 What do you want to write in the dust here? PERKELE
 Something is written here in the dust.
 You read: "FEvKELE".
 You hear some noises in the distance.
 You hear some noises in the distance.
 The door opens.
 You see here a lamp.
 L - a lamp.
 You were wearing an uncursed +1 ring of adornment (on right hand).
 What do you want to wear? [*] <space>
 Never mind.
 What do you want to put on? [deko or ?*] d
 Which ring-finger, Right or Left? [rl] r
 d - an uncursed +1 ring of adornment (on right hand).
 What do you want to rub? [IL or ?*] L
 You now wield a lamp.
 You see a puff of smoke.
 What do you want to rub? [IL or ?*] L
 Nothing happens.
 What do you want to rub? [IL or ?*] L
 In a cloud of smoke, a djinni emerges!
 The djinni speaks.
 "You disturbed me, fool!"
 You already found a monster.  Use 'm' prefix to force another search.
 You begin bashing monsters with your lamp.
 You hit the djinni.
 The djinni hits!
 What do you want to wear? [*] <space>
 Never mind.
 In what direction? 6
 The spell hits the djinni!
 The djinni hits!
 Are you sure you want to pray? [yn] (n) y
 You begin praying to Anhur.
 You are surrounded by a shimmering light.
 The djinni starts to attack you, but pulls back.
 The djinni starts to attack you, but pulls back.
 The djinni starts to attack you, but pulls back.
 You finish your prayer.
 You feel that Anhur is well-pleased.
 What do you want to zap? [ctK or ?*] *
 In what direction? >
 You dig a hole through the floor.
 You fall through...
 The djinni hits!
 You die...
 Do you want your possessions identified? [ynq] (y) y
 Do you want to see your attributes? [ynq] (y) q

Inventory:
 Coins    ('$')
  $ - 36 gold pieces
 Weapons  (')')
  a - a blessed +1 quarterstaff
 Armor    ('[')
  b - an uncursed +2 cloak of magic resistance (being worn)
 Comestibles  ('%')
  i - an uncursed food ration
  p - a cursed food ration
  v - an uncursed fortune cookie
  z - an uncursed lembas wafer
  w - an uncursed tripe ration
  E - an uncursed tin of candied homunculus meat
  A - an uncursed egg
 Scrolls  ('?')
  x - a blessed scroll of amnesia
  F - an uncursed scroll of enchant weapon
  j - an uncursed scroll of light
  s - an uncursed scroll of magic mapping
 Spellbooks  ('+')
  y - an uncursed spellbook of fireball
  l - a blessed spellbook of force bolt
  m - an uncursed spellbook of light
  u - an uncursed spellbook of wizard lock
 Potions  ('!')
  h - a blessed potion of gain energy
  H - a blessed potion of monster detection
  g - an uncursed potion of see invisible
  G - a cursed potion of see invisible
  D - an uncursed potion of sleeping
  f - an uncursed potion of speed
 Rings    ('=')
  d - an uncursed +1 ring of adornment (on right hand)
  o - an uncursed -1 ring of gain strength
  k - a cursed ring of polymorph
  e - an uncursed ring of teleportation
 Wands    ('/')
  t - a wand of digging (0:3)
  c - a wand of slow monster (0:5)
  K - a wand of stasis (0:2)
 Tools    ('(')
  I - an uncursed brass lantern
  n - a magic marker (0:22)
  L - a cursed oil lamp (wielded)
 Gems/Stones  ('*')
  q - an uncursed obsidian stone
  r - an uncursed worthless piece of green glass

Grufus the Wizard's attributes:

Background:
 You were a Conjurer, a level 4 male human Wizard.
 You were chaotic, on a mission for Anhur
 who was opposed by Ptah (lawful) and Thoth (neutral).
 You were right-handed.
 You were in the Dungeons of Doom, on level 5.
 You entered the dungeon 1774 turns ago.
 There was a new moon in effect when your adventure ended.
 You had 94 experience points, 66 more were needed to attain level 5.

Basics:
 You had 0 out of 26 hit points.
 You had 41 out of 46 energy points (spell power).
 Your armor class was 7.
 Your wallet contained 36 zorkmids.
 Autopickup was off.

Final Characteristics:
 Your strength was 10 (limit:18/100).
 Your dexterity was 11 (peak:12, limit:18).
 Your constitution was 13 (limit:18).
 Your intelligence was 18 (limit:18).
 Your wisdom was 12 (limit:18).
 Your charisma was 11 (base:10, limit:18).

Final Status:
 You weren't hungry.
 You were unencumbered.
 You were wielding a tool.

Final Attributes:
 You were devoutly aligned.
 You were magic-protected.
 You were more charismatic.
 You were warded.
 You are dead.

Miscellaneous:
 You didn't encounter any bones levels.
 Total elapsed playing time was 1 hour, 6 minutes and 38 seconds.

Major events:
 Turn
    1: Grufus the chaotic male human Wizard entered the dungeon
  818: attained the rank of Conjurer (level 3)
 1774: killed by a djinni

Spells:
 Name                 Level Category     Fail Retention
 force bolt             1   attack         0%  91%-100%
 light                  1   divination     0%  76%-100%
 wizard lock            2   matter        53%  76%-100%
 fireball               4   attack        70%  91%-100%

Skills:
 Fighting Skills
   bare handed combat [Unskilled]
   riding             [Unskilled]
 Weapon Skills
   dagger             [Unskilled]
   knife              [Unskilled]
   axe                [Unskilled]
   short sword        [Unskilled]
   club               [Unskilled]
   mace               [Unskilled]
   quarterstaff       [Basic]
   polearms           [Unskilled]
   spear              [Unskilled]
   trident            [Unskilled]
   sling              [Unskilled]
   dart               [Unskilled]
   shuriken           [Unskilled]
 Spellcasting Skills
   attack spells      [Basic]
   healing spells     [Unskilled]
   divination spells  [Unskilled]
   enchantment spells [Basic]
   clerical spells    [Unskilled]
   escape spells      [Unskilled]
   matter spells      [Unskilled]

Voluntary challenges:
 Character rerolling was not enabled.
 You never genocided any monsters.
 You never polymorphed an object.
 You never changed form.
 You used no wishes.
Achievements:
 You attained the rank of Conjurer.
 You entered a shop.

 The Dungeons of Doom: levels 1 to 5
    Level 1:
       Many altars.
    Level 2:
       A food shop, a fountain.
    Level 3:
       A fountain.
    Level 4:
    Level 5: <- You were here.
       Final resting place for
          you, killed by a djinni.


Vanquished creatures:
  a shrieker
  2 iguanas
  3 acid blobs
  a hobgoblin
  a giant rat
  a brown mold
  2 gnomes
  a garter snake
  a gnome zombie
  a gecko
  3 jackals
  2 foxes
  3 kobolds
  3 goblins
  a sewer rat
  a grid bug
  a bat
  2 lichens
  2 kobold zombies
  8 newts
40 creatures vanquished.

No species were genocided or became extinct.

Game over:
                       ----------
                      /          \
                     /    REST    \
                    /      IN      \
                   /     PEACE      \
                  /                  \
                  |      Grufus      |
                  |      36 Au       |
                  |   killed by a    |
                  |      djinni      |
                  |                  |
                  |                  |
                  |       2026       |
                 *|     *  *  *      | *
        _________)/\\_//(\/(/\)/\//\/|_)_______

Goodbye Grufus the Wizard...

You died in The Dungeons of Doom on dungeon level 5 with 619 points,
and 36 pieces of gold, after 1774 moves.
You were level 4 with a maximum of 26 hit points when you died.

